 Dungeon Crawl Stone Soup version 0.27.0-1-g7a089689b8 (webtiles) character file.

Game seed: 1513091846602183802

84 robertstho the Skirmisher (level 4, -5/60 HPs)
             Began as a Draconian Berserker on Aug 6, 2021.
             Was a Believer of Trog.
             Blown up by Ijyb (11 damage)
             ... with a mindburst bolt
             ... on level 3 of the Dungeon.
             The game lasted 00:02:33 (2245 turns).

robertstho the Skirmisher (Draconian Berserker)     Turns: 2245, Time: 00:02:33

Health: -5/60      AC:  5    Str: 20    XL:     4   Next: 23%
Magic:  4/4        EV: 12    Int:  7    God:    Trog [**....]
Gold:   122        SH:  0    Dex: 11    Spells: 3/3 levels left

rFire    . . .     SeeInvis .   a - +0 hand axe
rCold    . . .     Faith    .   (no shield)
rNeg     . . .     Spirit   .   (armour unavailable)
rPois    .         Reflect  .   (helmet restricted)
rElec    .         Harm     .   (no cloak)
rCorr    .         Rampage  .   (no gloves)
Will     .....                  (no boots)
Stlth    ..........             (no amulet)
HPRegen  0.20/turn              (no ring)
MPRegen  0.09/turn              (no ring)

@: berserking, very quick
A: AC +5, unfitting armour, cold-blooded
a: Renounce Religion, Berserk, Trog's Hand


You were on level 3 of the Dungeon.
You worshipped Trog.
Trog was pleased with you.
You visited 1 branch of the dungeon, and saw 3 of its levels.

You collected 122 gold pieces.

Inventory:

Hand Weapons
 a - a +0 hand axe (weapon)
Jewellery
 d - an amulet of magic regeneration
Scrolls
 c - a scroll of noise
Potions
 b - a potion of haste


   Skills:
 * Level 4.1 Fighting
 + Level 3.7 Axes
 * Level 3.5 Dodging


You had 3 spell levels left.
You didn't know any spells.
Your spell library was empty.

Dungeon Overview and Level Annotations

Branches:
Dungeon (3/15)

Altars:
Cheibriados

Shops:
D:2 (

Annotations:
D:3 Ijyb


Innate Abilities, Weirdness & Mutations

Your plain brown scales are hard. (AC +5)
You cannot fit into any form of body armour.
You are cold-blooded and may be slowed by cold attacks.


Message History

You kill the dart slug!
Trog accepts your kill.
You feel yourself slow down.
You aren't carrying any items that you can evoke.
As you read the scroll labelled GOSKOR LYOCU, it crumbles to dust.
You hear a loud clanging noise!
It was a scroll of noise.
As you read the scroll labelled QIFA JATOZAAR, it crumbles to dust.
It is a scroll of identify.
You don't have any unidentified items.
A red film seems to cover your vision as you go berserk!
You feel yourself moving faster!
You feel mighty! Ijyb closely misses you.
You hit Ijyb.
Ijyb is lightly wounded.
Ijyb hits you with a +0 dagger.
You completely miss Ijyb.
Ijyb is lightly wounded.
Ijyb barely misses you.
You barely miss Ijyb.
Ijyb is lightly wounded.
You closely miss Ijyb.
Ijyb is lightly wounded.
Ijyb hits you with a +0 dagger.
You hit Ijyb.
Ijyb is moderately wounded.
You hit the hobgoblin.
Ijyb zaps a wand.
Your mind is blasted!
The hobgoblin hits you but does no damage.
You hit Ijyb.
Ijyb is heavily wounded.
You slash the hobgoblin!
You kill the hobgoblin!
Trog accepts your kill.
Ijyb zaps a wand.
Your mind is blasted!
* * * LOW HITPOINT WARNING * * *
You hit Ijyb.
Ijyb is severely wounded.
You hit Ijyb.
Ijyb is almost dead.
Ijyb zaps a wand.
Your mind is blasted!
You die...

#+###+###+###
.#.......#..##+#
.#.......#..##.#
.'###+###+..+..#
.#.+...+.#..#..######
.#.#...#.#..#.......####
#'.#._.#.+##'..g@.......
.#.#...#.#..#.(†....####
.#.'...+.#..##.#.####
.'###+###+..+..#.#
.#.......#..#....#
.#.......#..##.###
#'###+###+## #.# #.# #.#
.. #.# #.# #.# .# #.#


You could see Ijyb.

Vanquished Creatures
  2 adders (D:2)
  A worm (D:2)
  2 dart slugs
  2 endoplasms
  2 giant cockroaches
  3 goblins
  8 hobgoblins
  8 jackals
  2 quokkas
  7 ball pythons
  8 bats
  2 frilled lizards (D:1)
  4 kobolds
  A rat (D:2)
52 creatures vanquished.

Vanquished Creatures (others)
  10 plants
10 creatures vanquished.

Grand Total: 62 creatures vanquished

Notes
Turn   | Place    | Note
-------+----------+-------------------------------------------
     0 | D:1      | robertstho the Draconian Berserker began the quest for the
                  | Orb.
     0 | D:1      | Reached XP level 1. HP: 19/19 MP: 1/1
   270 | D:1      | Reached XP level 2. HP: 25/26 MP: 2/2
   784 | D:1      | Found a faded altar of an unknown god.
  1027 | D:2      | Reached XP level 3. HP: 32/33 MP: 3/3
  1029 | D:2      | Found Coerejog's Antique Weapon Boutique.
  1088 | D:2      | Reached ** piety under Trog
  1398 | D:2      | Reached skill level 4 in Fighting
  1714 | D:2      | Reached XP level 4. HP: 39/40 MP: 4/4
  2162 | D:3      | Found a snail-covered altar of Cheibriados.
  2185 | D:3      | Noticed Ijyb
  2245 | D:3      | Blown up by Ijyb

Illustrated notes

Levels and vault maps discovered:
D:1:      dpeg_arrival_round_b, layout_basic, serial_forest,
          infiniplex_forest_end_double, infiniplex_forest_clump_medium,
          infiniplex_forest_straight_2, infiniplex_forest_clump_cross,
          infiniplex_forest_clump_small, infiniplex_forest_pool,
          infiniplex_forest_pool, infiniplex_forest_clump_cross,
          dreamdust_ecumenical_altar_angels_and_demons
D:2:      minmay_inner_zag, layout_basic, serial_shops,
          nicolae_shop_overgrown_old_shop
D:3:      layout_loops_corners, mainiacjoe_overflow_24_doors, minmay_unequal,
          uniq_sigmund, uniq_ijyb, uniq_grinder

Skill      XL: |  1  2  3 |
---------------+----------+-----
Dodging        | 3 |  3.5
Fighting       | 4 |  4.1
Axes           | |  3.7

Action                   |  1- 3 |  4- 6 || total
-------------------------+-------+-------++-------
Melee: Hand axe          |   148 |    45 ||   193
       Tailslap          |    16 |     4 ||    20
Invok: Berserk           |       |     2 ||     2
       Trog's Hand       |       |     1 ||     1
  Use: Scroll            |       |     2 ||     2
       Potion            |       |     1 ||     1
 Stab: Sleeping          |       |     1 ||     1
Armor: Skin              |    56 |    10 ||    66
Dodge: Dodged            |   108 |    28 ||   136
